[Event "Mitropa Cup Open 2024"]
[Site "Apolda"]
[Date "2024.02.17"]
[Round "3.2"]
[White "Bogner, Sebastian"]
[Black "Svane, Rasmus"]
[Result "1/2-1/2"]
[ECO "D10"]
[WhiteElo "2538"]
[BlackElo "2637"]
[Annotator "TA"]
[PlyCount "55"]
[EventDate "2024.02.15"]
[EventType "team-tourn"]
[EventCountry "GER"]
[SourceTitle "playchess.com"]
[Source "ChessBase"]
[SourceQuality "1"]
[WhiteTeam "Switzerland"]
[BlackTeam "Germany"]
[WhiteTeamCountry "SUI"]
[BlackTeamCountry "GER"]
[TimeControl "40/5400+30:1800+30"]

1. d4 d5 2. c4 c6 3. cxd5 cxd5 4. Bf4 Nc6 5. e3 Nf6 6. Nc3 Bf5 7. Qb3 Na5 8. Qa4+ Bd7 9. Qc2 Rc8 10. Bd3 e6 11. Nf3 Bb4 12. O-O Nh5 13. Bg5 (13. Bxh7 Nxf4 14. exf4 Nc4 $17) 13... f6 {[%emt 0:02:29] [#]} 14. Bxh7 $1 fxg5 (14... Bxc3 15. bxc3) 15. Qg6+ Kf8 $1 16. Qxh5 Be8 17. Qg4 (17. Qxg5 $2 {is the wrong capture.} Rxh7 18. Ne2 Qxg5 19. Nxg5 Rh6 $19) (17. Qh3 Bxc3 (17... g4 18. Qxg4 Rxh7 19. Ng5 $17) 18. bxc3 Qe7 $19) 17... Rxh7 18. Nxg5 (18. Qxe6 $2 {too greedy.} Bxc3 19. Rfc1 Rh6 20. Qf5+ Rf6 $19) 18... Rh6 19. Nxe6+ Rxe6 20. Qxe6 Bf7 21. Qf5 Rc6 22. Rac1 (22. Rfc1 $14) 22... Nc4 $11 23. Ne2 Bd2 (23... Rf6 $5 24. Qc2 Qe8 $11) 24. Rcd1 (24. Ra1 $5) 24... Rf6 $1 {[%emt 0:06:19] The position is equal.} 25. Qg4 {[%emt 0:06:40] [#] Threatens to win with b3.} Rg6 26. Qf5 Rf6 $1 27. Qg4 {[%emt 0:09:46] aiming for b3.} Rg6 28. Qf5 {[%emt 0:03:35] Weighted Error Value: White=0.10 (very precise) /Black=0.04 (flawless) .  Mistake:       	White=1     	---        Inaccurate:     	White=1     	Black=1      OK:         	White=9     	Black=12     Best:        	White=3     	Black=2      Strong:       	---       	Black=3} 1/2-1/2

[Event "Mitropa Cup Open 2024"]
[Site "Apolda"]
[Date "2024.02.17"]
[Round "3.3"]
[White "Donchenko, Alexander"]
[Black "Baenziger, Fabian"]
[Result "1-0"]
[ECO "C55"]
[WhiteElo "2643"]
[BlackElo "2414"]
[Annotator "TA"]
[PlyCount "71"]
[EventDate "2024.02.15"]
[EventType "team-tourn"]
[EventCountry "GER"]
[SourceTitle "playchess.com"]
[Source "ChessBase"]
[SourceQuality "1"]
[WhiteTeam "Germany"]
[BlackTeam "Switzerland"]
[WhiteTeamCountry "GER"]
[BlackTeamCountry "SUI"]
[TimeControl "40/5400+30:1800+30"]

1. e4 e5 2. Nf3 Nc6 3. Bb5 a6 4. Ba4 Nf6 5. O-O Be7 6. d3 b5 7. Bb3 d6 8. c3 O-O 9. h3 Na5 10. Bc2 c5 11. d4 Qc7 12. d5 Nc4 {[%emt 0:01:13] The position is equal.} 13. b3 Nb6 14. Be3 Bd7 15. Nbd2 c4 16. Qe2 cxb3 17. axb3 Rfb8 (17... Qxc3 $11 {keeps the balance.} 18. Bxb6 Qxc2) 18. Rfc1 $16 a5 19. Bd3 Ne8 {[%emt 0:12:49] Black cannot hold the game after this.} ({Better is} 19... a4 $14) 20. Bxb5 $18 f5 (20... Bxb5 $142 21. Qxb5 Nd7) 21. Bxd7 Qxd7 22. c4 Bd8 23. exf5 Qxf5 24. Ra3 Nd7 25. Rca1 Rb7 26. Nf1 Rab8 27. Ng3 Qg6 28. Nd2 Nef6 29. Qf3 {[%emt 0:01:07] aiming for Nf5.} Bc7 30. Qf5 Qxf5 31. Nxf5 Re8 {[%emt 0:00:07] Inhibits Ne7+.} (31... Kf8 $142 32. Ng3 h5) 32. Rxa5 Bxa5 33. Rxa5 Reb8 (33... Rbb8 {was worth a try.} 34. Kf1 (34. Nxd6 Ra8 $18) 34... Ra8) 34. Nxd6 Rxb3 {[%emt 0:00:04] [#]} (34... Rc7 35. g4 h6) 35. Nxb3 Rxb3 36. Ra8+ {[%emt 0:00:25] Weighted Error Value: White=0.08 (flawless) /Black=0.37.  Mistake:       	---       	Black=6      Inaccurate:     	White=2     	Black=1      OK:         	White=9     	Black=10     Best:        	White=1     	---} 1-0

[Event "Mitropa Cup Open 2024"]
[Site "Apolda"]
[Date "2024.02.17"]
[Round "3.4"]
[White "Fecker, Noah"]
[Black "Kollars, Dmitrij"]
[Result "0-1"]
[ECO "C26"]
[WhiteElo "2397"]
[BlackElo "2632"]
[Annotator "TA"]
[PlyCount "54"]
[EventDate "2024.02.15"]
[EventType "team-tourn"]
[EventCountry "GER"]
[SourceTitle "playchess.com"]
[Source "ChessBase"]
[SourceQuality "1"]
[WhiteTeam "Switzerland"]
[BlackTeam "Germany"]
[WhiteTeamCountry "SUI"]
[BlackTeamCountry "GER"]
[TimeControl "40/5400+30:1800+30"]

1. e4 e5 2. Nc3 Nf6 3. d4 exd4 4. Qxd4 Nc6 5. Qd3 Bc5 6. Bf4 d6 7. O-O-O (7. Qd2 $11) 7... O-O ({Better is} 7... Bxf2 $15 8. h3 O-O) 8. f3 $11 {[%emt 0:20:10] The position is equal.} Be6 9. Qd2 a6 10. h4 b5 11. h5 {[%emt 0:06:18] Threatening h6.} Nd7 12. h6 {[%emt 0:04:43] [#] aiming for hxg7.} g6 13. Nh3 Nce5 14. Be3 b4 15. Na4 {[%emt 0:04:50] Threatens to win with Nxc5.} Bxe3 (15... Bxa2 $6 16. Nxc5 dxc5 17. f4 $16) 16. Qxe3 a5 (16... Bxa2 $2 17. b3 $16) 17. Kb1 Qe7 18. f4 (18. b3 $11) 18... Ng4 $15 19. Qg3 {[%emt 0:00:48] [#]} (19. Qd4 $11 {remains equal.} Ndf6 (19... Nxh6 20. Ng5 $16) 20. Ng5) 19... Ndf6 $1 $17 20. Ng5 Bd7 21. Be2 Nh5 (21... Bxa4 22. Bxg4 Nxg4 23. Qxg4 $11) 22. Qf3 Nxh6 (22... Rae8 $17 {[%cal Of7f6] Strongly threatening ...f6!} 23. b3 Nxh6 24. Rxh5 gxh5 25. Qxh5 f6) 23. Rxh5 {[%emt 0:00:16] Now White is beyond hope.} ({White should play} 23. Qf2 $1 $15) 23... gxh5 $19 24. Qxh5 f6 $1 25. Bc4+ (25. Nh3 {keeps fighting.}) 25... Kh8 26. Nf3 Ng4 {[%emt 0:02:57][%cal Og4e3] ...Ne3! would now be deadly.} (26... Bxa4 27. Qxh6 Qg7 (27... Qxe4 $2 28. b3 $18) 28. Qh4 $17) (26... Qxe4 27. Bd5 Qg6 (27... Qxf4 28. Rd4 $17) 28. Qxg6 hxg6 29. Bxa8 Rxa8 30. Nc5 $19) 27. Nh4 $2 (27. Re1 {is the only way for White.}) 27... Qe8 {[%emt 0:01:10] Weighted Error Value: White=0.44/Black=0.12 (very precise) .  Mistake:       	White=6     	Black=2      Inaccurate:     	White=1     	Black=1      OK:         	White=10    	Black=10     Best:        	---       	Black=2      Strong:       	---       	Black=2} ({Not} 27... Bxa4 28. Ng6+ (28. Qxg4 Bd7 $11) 28... Kg7 29. Rh1 (29. Nxe7 Rg8 $18) 29... Bxc2+ 30. Kc1 h6 31. Nxe7 Bxe4 32. Qxg4+ Kh8 33. Rxh6+ (33. f5 Bxf5 34. Nxf5 Rf7 35. Rxh6+ Rh7 36. Qg7#) 33... Bh7 34. Rxh7+ (34. Ng6+ Kg7 35. Nxf8+ Kxf8 36. Rxh7 d5 37. Qg7+ Ke8 38. Rh8#) 34... Kxh7 35. Qh5+ Kg7 36. Nf5#) (27... Qxe4 $2 28. Bd3 Be8 29. Qxg4 $18) 0-1

[Event "Mitropa Cup Open 2024"]
[Site "Apolda"]
[Date "2024.02.17"]
[Round "3.5"]
[White "Plenca, Jadranko"]
[Black "Krstulovic, Alex"]
[Result "1/2-1/2"]
[ECO "B11"]
[WhiteElo "2429"]
[BlackElo "2414"]
[Annotator "RC"]
[PlyCount "63"]
[EventDate "2024.02.15"]
[EventType "team-tourn"]
[EventCountry "GER"]
[SourceTitle "playchess.com"]
[Source "ChessBase"]
[SourceQuality "1"]
[WhiteTeam "Croatia"]
[BlackTeam "Hungary"]
[WhiteTeamCountry "CRO"]
[BlackTeamCountry "HUN"]
[TimeControl "40/5400+30:1800+30"]

1. e4 c6 2. Nc3 d5 3. Nf3 dxe4 4. Nxe4 Nf6 5. Qe2 Na6 6. Nxf6+ gxf6 7. c3 Bg4 8. Qe4 Qd7 9. d4 Nc7 10. g3 O-O-O 11. Bg2 Qe6 12. Qxe6+ Bxe6 13. O-O Bd5 14. b3 Bg7 15. Re1 e6 16. Bf4 Rd7 17. Rac1 Rhd8 18. c4 Bxf3 19. Bxf3 f5 20. d5 exd5 21. Bxc7 Rxc7 22. cxd5 cxd5 23. Rxc7+ Kxc7 24. Re7+ Rd7 25. Rxd7+ Kxd7 26. Bxd5 b6 27. Bxf7 f4 28. Kg2 Ke7 29. Bg8 h6 30. Kf3 fxg3 31. hxg3 Bd4 32. Ke4 1/2-1/2

[Event "Mitropa Cup Open 2024"]
[Site "Apolda"]
[Date "2024.02.17"]
[Round "3.6"]
[White "Juhasz, Agoston"]
[Black "Ivekovic, Bozidar"]
[Result "1/2-1/2"]
[ECO "C50"]
[WhiteElo "2410"]
[BlackElo "2399"]
[Annotator "RC"]
[PlyCount "62"]
[EventDate "2024.02.15"]
[EventType "team-tourn"]
[EventCountry "GER"]
[SourceTitle "playchess.com"]
[Source "ChessBase"]
[SourceQuality "1"]
[WhiteTeam "Hungary"]
[BlackTeam "Croatia"]
[WhiteTeamCountry "HUN"]
[BlackTeamCountry "CRO"]
[TimeControl "40/5400+30:1800+30"]

1. e4 e5 2. Nf3 Nc6 3. Bc4 Nf6 4. d3 Bc5 5. Nc3 d6 6. Na4 a6 7. Nxc5 dxc5 8. a3 Qd6 9. h3 O-O 10. O-O b5 11. Ba2 Be6 12. Bxe6 fxe6 13. Bd2 Nd7 14. a4 Nb6 15. b3 Nd4 16. Nxd4 cxd4 17. axb5 axb5 18. Rxa8 Rxa8 19. f4 exf4 20. Bxf4 e5 21. Bg3 Qe6 22. Rf5 Nd7 23. Qg4 Re8 24. h4 g6 25. h5 Kh8 26. hxg6 hxg6 27. Qh4+ Kg7 28. Qg5 Qe7 29. Qg4 Qe6 30. Qg5 Qe7 31. Qg4 Qe6 1/2-1/2

[Event "Mitropa Cup Open 2024"]
[Site "Apolda"]
[Date "2024.02.17"]
[Round "3.7"]
[White "Tomulic, Teo"]
[Black "Vanczak, Tamas"]
[Result "0-1"]
[ECO "B95"]
[WhiteElo "2386"]
[BlackElo "2431"]
[Annotator "TA"]
[PlyCount "88"]
[EventDate "2024.02.15"]
[EventType "team-tourn"]
[EventCountry "GER"]
[SourceTitle "playchess.com"]
[Source "ChessBase"]
[SourceQuality "1"]
[WhiteTeam "Croatia"]
[BlackTeam "Hungary"]
[WhiteTeamCountry "CRO"]
[BlackTeamCountry "HUN"]
[TimeControl "40/5400+30:1800+30"]

1. e4 c5 2. Nf3 d6 3. d4 cxd4 4. Nxd4 Nf6 5. Nc3 a6 6. Bg5 Nbd7 7. f3 Qc7 8. Qd2 e6 9. O-O-O Be7 10. h4 O-O 11. g4 {[%emt 0:05:29] B95: Sicilian Najdorf: 6 Bg5 e6, unusual White 7th moves.} b5 12. h5 b4 13. Nb1 Nc5 14. Be3 e5 15. Nb3 Nxb3+ 16. axb3 d5 $146 ({Predecessor:} 16... Be6 17. Qd3 d5 18. Nd2 Rac8 19. Rh2 Rfd8 20. exd5 Rxd5 21. Qc4 Rc5 22. Qd3 Rd5 {0-1 Chistiakov,A (2005)-Briukhovich,A Kurass Memorial op 05th 2004 (1)}) 17. g5 (17. Qh2 $1 $11 {keeps the balance.}) 17... d4 $1 $17 18. gxf6 dxe3 19. Qe1 Bxf6 (19... gxf6 $2 20. Qg3+ (20. Qxe3 Qc5 $11) 20... Kh8 21. Rg1 $18) 20. Qxb4 Be6 21. Nc3 $1 Rfb8 22. Qa4 Qc5 23. Kb1 Rb4 24. Qa3 a5 25. Nd5 Bxd5 26. Rxd5 Qb6 27. Bc4 h6 (27... Qa7 $11 {remains equal.}) 28. Re1 $2 (28. c3 $16 Rxc4 29. bxc4) 28... Be7 $15 29. Qa2 $2 (29. c3 $15 Rxc4 30. Qxe7 Rxc3 (30... Qxb3 31. Rg1 $11) 31. Qxe5 (31. bxc3 $2 Qxb3+ 32. Kc1 Qxc3+ 33. Kd1 Rc8 $19)) 29... e2 $1 $19 30. Bxe2 {[%emt 0:00:33] [#]} (30. c3 $2 Qf2 (30... Rxc4 $2 31. Rxe2 Qg1+ 32. Kc2 $19) 31. Rxe2 Qf1+ 32. Kc2 Rxc4 $19) (30. Rd2 {was the only chance.} Bh4 31. Rdxe2 Bxe1 32. Rxe1) 30... Qf2 $2 ({Black should play} 30... a4 $1 $19 31. c3 Rxb3 (31... axb3 $2 32. Qxa8+ Qb8 33. Qxb8+ Rxb8 34. Rxe5 $18)) 31. Rdd1 $11 a4 32. Bc4 $2 {[%emt 0:00:52][%mdl 8192] [#]} (32. c3 $1 $11 {and White is okay.} Rxb3 (32... axb3 $2 33. Qxa8+ Kh7 34. cxb4 $18) 33. Bc4) 32... Ra7 $1 $19 33. Re2 Qb6 (33... Qxf3 $2 34. Ree1 (34. c3 $2 Rxc4 35. Ree1 Rxe4 $19) 34... Bh4 (34... Qxh5 35. c3 $11) 35. Rf1 Qxe4 (35... Qxh5 36. Qa3 $16) 36. Bd5 $19) 34. Bxf7+ (34. bxa4 $142 Rbxa4 35. Bxf7+ Kf8 36. Qxa4 Rxa4 37. Bb3) 34... Kxf7 $19 35. bxa4+ Kf8 36. c3 Rbxa4 37. Qd5 R4a5 38. Qc4 Rc5 39. Qd3 Qb3 40. Qc2 Qa2+ 41. Kc1 Bg5+ 42. Rdd2 Qa1+ 43. Qb1 Qxb1+ (43... Bxd2+ $142 44. Rxd2 Rxc3+ 45. bxc3 Qxc3+ 46. Kd1 Qxf3+ 47. Kc1 Qf1+ (47... Qxh5 $2 {is the wrong capture.} 48. Qb8+ Qe8 49. Qxa7 $18) (47... Rc7+ $2 48. Qc2 $19) 48. Rd1 Qf4+ (48... Rc7+ $2 49. Qc2 $19) 49. Rd2 Rc7+ 50. Qc2 Rxc2+ 51. Kxc2 Qxe4+ 52. Kd1 Qg4+ 53. Kc2 Qc4+ (53... Qxh5 $2 54. Rf2+ Kg8 55. Rd2 $19) 54. Kd1 Qf1+ 55. Kc2 e4 56. Rd8+ Ke7 57. Rd4 Qf2+ 58. Kc3 Qf3+ 59. Kc2 e3 (59... Qxh5 $2 60. Rxe4+ Kf7 61. Rd4 $19) 60. Kc3 e2+ (60... Qxh5 61. Re4+ Kf6 62. Rxe3 $19) 61. Kd2 e1=R (61... Qxh5 $2 62. Re4+ Kf6 63. Re3 $19) 62. Kxe1 Qe3+ (62... Qxh5 $2 63. Kd2 $19) 63. Kd1 Qxd4+ 64. Ke2 Kf6 65. Kf3 Kf5 66. Kg3 Qe3+ 67. Kh2 Qg5 68. Kh1 Ke4 (68... Qxh5+ {gets mated.} 69. Kg2 Qe2+ 70. Kh1 Ke4 71. Kg1 Kf3 72. Kh1 Qg2#) 69. Kh2 Kf3 70. Kh3 Qxh5#) 44. Kxb1 $19 Bxd2 0-1

[Event "Mitropa Cup Open 2024"]
[Site "Apolda"]
[Date "2024.02.17"]
[Round "3.8"]
[White "Karacsonyi, Gellert"]
[Black "Novosel, Lovro"]
[Result "1-0"]
[ECO "B94"]
[WhiteElo "2398"]
[BlackElo "2373"]
[Annotator "RC"]
[PlyCount "67"]
[EventDate "2024.02.15"]
[EventType "team-tourn"]
[EventCountry "GER"]
[SourceTitle "playchess.com"]
[Source "ChessBase"]
[SourceQuality "1"]
[WhiteTeam "Hungary"]
[BlackTeam "Croatia"]
[WhiteTeamCountry "HUN"]
[BlackTeamCountry "CRO"]
[TimeControl "40/5400+30:1800+30"]

1. e4 c5 2. Nf3 d6 3. d4 cxd4 4. Nxd4 Nf6 5. Nc3 a6 6. Bg5 Nbd7 7. Qe2 h6 8. Bh4 g6 9. f4 e5 10. fxe5 dxe5 11. O-O-O Qc7 12. Nb3 b5 13. Kb1 Be7 14. Qf3 Bb7 15. a3 Rc8 16. Bd3 O-O 17. Rhf1 Bc6 18. Be1 Nb6 19. h3 Nc4 20. Nd5 Nxd5 21. exd5 Bd7 22. g4 a5 23. Qe2 a4 24. Nc1 Bc5 25. Bxc4 bxc4 26. Bc3 f6 27. Qxc4 Qb6 28. Qe4 Kg7 29. Nd3 Bxa3 30. Nxe5 Bf5 31. Nc4 Qa6 32. gxf5 Rxc4 33. Qd3 Qb5 34. Rf4 1-0

[Event "Mitropa Cup Open 2024"]
[Site "Apolda"]
[Date "2024.02.17"]
[Round "3.9"]
[White "Girel, Joseph"]
[Black "Sahidi, Samir"]
[Result "1-0"]
[ECO "D46"]
[WhiteElo "2492"]
[BlackElo "2478"]
[Annotator "TA"]
[PlyCount "82"]
[EventDate "2024.02.15"]
[EventType "team-tourn"]
[EventCountry "GER"]
[SourceTitle "playchess.com"]
[Source "ChessBase"]
[SourceQuality "1"]
[WhiteTeam "France"]
[BlackTeam "Slovakia"]
[WhiteTeamCountry "FRA"]
[BlackTeamCountry "SVK"]
[TimeControl "40/5400+30:1800+30"]

1. d4 d5 2. c4 c6 3. Nf3 Nf6 4. e3 e6 5. Nc3 Nbd7 6. Qc2 Bd6 7. Bd3 O-O 8. O-O dxc4 9. Bxc4 b5 10. Be2 Bb7 11. e4 e5 $1 12. dxe5 Nxe5 13. Nd4 (13. Nh4 {simplifies} Bc8 14. Nf5 Bxf5 15. exf5 Re8 16. Rd1) 13... Neg4 14. Nf5 {[%emt 0:00:12] The position is equal.} (14. g3 $5) 14... Bxh2+ (14... Nxh2 $2 15. Rd1 Qb8 16. Rxd6 $18) 15. Kh1 Bb8 16. Bg5 {[%emt 0:00:10] [#] f4 would now be deadly.} Bc8 $1 17. Rad1 $1 (17. Bxg4 Qc7 18. g3 (18. Bf4 $2 Qxf4 19. g3 Qxg4 $19) 18... Nxg4 $17) 17... Qc7 18. Nd6 {[%emt 0:00:09][%cal Oe4e5] Active counter play!} Be6 19. e5 Nxe5 $15 20. Bxf6 gxf6 21. f4 Ng4 (21... Ng6 $1 $15 22. Nce4 Qe7) 22. Qe4 $16 {[%emt 1:00:57] [#] Strongly threatening Bxg4.} f5 23. Nxf5 $18 {[%emt 0:01:02] A dynamic duo of knights.} Nf6 24. Qd3 {[%emt 0:05:55] Intending Qg3+ and mate.} Ne8 25. Rf3 (25. Bg4 $18 Kh8 26. Ne4) 25... f6 (25... Kh8 $16 {keeps fighting.}) 26. Qe4 Bxf5 27. Qxf5 Ng7 28. Qc5 (28. Qh3 $16 {And now Rd7 would win.} Qc8 29. Qxc8 Rxc8 30. Rd7) 28... f5 $2 (28... a6 $11 {and Black has nothing to worry.}) 29. Nxb5 cxb5 30. Qd5+ Kh8 31. Qxa8 Qc2 $2 (31... Qe7 $16 {is a better defense.}) 32. Re3 Qxb2 33. g3 {[%emt 0:01:34][%cal Bg2g3,Bg3f4][%mdl 32] Hoping for Qc6.} Qxa2 $2 (33... Qf6 34. Qf3 (34. Bxb5 Bxf4 $15) 34... h5 35. Bxb5 (35. Rd7 Rd8 $18) 35... Kh7) 34. Qd5 Qb2 (34... Qxd5+ 35. Rxd5 Kg8) 35. Re7 Qf6 36. Rb7 Ne6 37. Qf3 $40 {[%emt 0:00:59][%cal Od1d7][%mdl 128] aiming for Rdd7! White attacks with force.} (37. Rxb5 Bxf4 (37... Nc7 38. Qf3 $11) 38. gxf4 Qh4+ 39. Kg1 Rg8+ 40. Kf1 Qh3+ 41. Ke1 Qg3+ 42. Kd2 Rd8 $11 (42... Nxf4 $2 43. Qe5+ Qg7 44. Qxf4 $18) (42... Nxf4 $2 43. Qe5+ Qg7 44. Qxf4 $18)) 37... Nxf4 $2 (37... Bxf4 38. Rdd7 (38. gxf4 Qh4+ 39. Kg1 Rg8+ 40. Kf1 Rg3 $11) 38... Bc7 39. Rdxc7 (39. Rbxc7 Nxc7 40. Rxc7 a5 $18) 39... Nxc7) 38. gxf4 {[%emt 0:00:39][%cal Of3h3] White wants to mate with Qh3!} Qh4+ 39. Kg2 {[%emt 0:00:19] White mates.} Rg8+ 40. Kf1 Be5 41. Rdd7 Qd8 {[%emt 0:31:01] Weighted Error Value: White=0.38/Black=0.72.  Loses game:     	---       	Black=3      Mistake:       	White=3     	Black=5      Inaccurate:     	White=2     	Black=1      OK:         	White=9     	Black=8      Best:        	White=4     	Black=5      Strong:       	White=1     	Black=1} 1-0

[Event "Mitropa Cup Open 2024"]
[Site "Apolda"]
[Date "2024.02.17"]
[Round "3.10"]
[White "Haring, Filip"]
[Black "Makkar, Rajat"]
[Result "1-0"]
[ECO "C45"]
[WhiteElo "2432"]
[BlackElo "2453"]
[Annotator "TA"]
[PlyCount "123"]
[EventDate "2024.02.15"]
[EventType "team-tourn"]
[EventCountry "GER"]
[SourceTitle "playchess.com"]
[Source "ChessBase"]
[SourceQuality "1"]
[WhiteTeam "Slovakia"]
[BlackTeam "France"]
[WhiteTeamCountry "SVK"]
[BlackTeamCountry "FRA"]
[TimeControl "40/5400+30:1800+30"]

1. e4 e5 2. Nf3 Nc6 3. d4 exd4 4. Nxd4 Nf6 5. Nxc6 bxc6 6. Bd3 d5 7. exd5 cxd5 8. O-O Be7 9. h3 {[%emt 0:00:25] C45: Scotch Game.} O-O 10. Re1 Bb7 11. Nd2 Ne4 $146 ({Predecessor:} 11... Re8 12. b3 Ne4 13. Nxe4 dxe4 14. Bb5 c6 15. Bc4 Bf6 16. Rb1 Bc3 17. Qh5 Qc7 {1-0 Gazik,V (2542)-Rogic,D (2492) Mitropa Cup Online 2021 (9.1)}) 12. Nxe4 dxe4 13. Bc4 Qe8 14. Be3 Kh8 15. Qh5 Bd6 16. Rad1 Qe7 17. Qb5 c6 18. Qb3 Bc7 19. Kf1 Bc8 20. Qa4 Bd7 {[%emt 0:03:35] [#]} 21. Qa3 $1 (21. Bxa7 $2 Bb6 22. Bb3 Bf5 (22... Bxa7 $2 23. Rxe4 Be6 24. Qb4 $19) (22... Rxa7 $2 23. Qxe4 Qf6 24. Re2 $19) 23. Qxc6 (23. Bxb6 $2 Rxa4 24. Bxa4 Qb4 $19) 23... Qxa7 $19 (23... Bxa7 $2 24. Qd6 $19)) 21... Qxa3 22. bxa3 Bf5 23. Bc5 Rfc8 24. Bxf7 Bb6 25. Be3 Ba5 26. Bd2 Bb6 27. Be3 Ba5 $1 28. Re2 Rd8 29. Rxd8+ Rxd8 30. g4 (30. Bxa7 $2 Rd1+) 30... Bc8 (30... Rd7 {was called for.} 31. Bb3 Bg6) 31. Bc4 h5 (31... Bb7 $142 32. Bc5 (32. Bxa7 c5 $18) 32... Bb6) 32. Bxa7 $18 (32. gxh5 $2 Bxh3+ 33. Kg1 Bg4 $19) 32... hxg4 33. hxg4 ({Stronger than} 33. Rxe4 Rd1+ 34. Kg2 gxh3+ 35. Kf3 Kh7 $11) 33... Bxg4 34. Rxe4 Bh3+ 35. Ke2 g5 36. Bd4+ Kh7 37. Re7+ Kh6 38. Bd3 Rd7 39. Rxd7 Bxd7 40. Bc5 g4 41. Bb4 (41. Be3+ Kh5 42. a4 Bc7) 41... Bc7 42. a4 c5 43. Bxc5 (43. Bd2+ Kg7 44. a5 Be6) 43... Bxa4 44. Kd2 Kg5 45. Be3+ Kf6 46. Kc3 Bd6 47. Kc4 Bd7 48. Kd5 Bc7 49. c4 g3 50. fxg3 Bxg3 51. Bc5 Kf7 (51... Bf4 $142 52. Bd6 Bc1) 52. Bd6 $18 Be1 53. a3 Bg4 54. Kc6 Bf3+ 55. Kb6 Ke6 56. c5 Bh4 57. Bb5 Bd8+ 58. Bc7 Be7 59. a4 Bg4 60. Bc4+ Kd7 61. c6+ Ke8 62. Kb7 (62. a5 $142 Bc8 63. a6 Bh4 64. Bd6 Bf2+ 65. Bc5 Bxa6 66. Bxa6 Bg3 67. c7) 1-0

[Event "Mitropa Cup Open 2024"]
[Site "Apolda"]
[Date "2024.02.17"]
[Round "3.11"]
[White "Velten, Paul"]
[Black "Turcan, Richard"]
[Result "1-0"]
[ECO "A61"]
[WhiteElo "2470"]
[BlackElo "2393"]
[Annotator "TA"]
[PlyCount "87"]
[EventDate "2024.02.15"]
[EventType "team-tourn"]
[EventCountry "GER"]
[SourceTitle "playchess.com"]
[Source "ChessBase"]
[SourceQuality "1"]
[WhiteTeam "France"]
[BlackTeam "Slovakia"]
[WhiteTeamCountry "FRA"]
[BlackTeamCountry "SVK"]
[TimeControl "40/5400+30:1800+30"]

1. d4 Nf6 2. c4 e6 3. Nf3 c5 4. d5 exd5 5. cxd5 d6 6. Nc3 g6 7. h3 Bg7 8. Bf4 O-O 9. e3 a6 10. a4 Ne8 11. a5 Nd7 12. Be2 Ne5 {[%emt 0:10:58] White has an edge.} 13. Nxe5 dxe5 14. Bh2 Nd6 15. O-O Bd7 16. Qb3 Rc8 17. Rfc1 f5 18. Na4 Bxa4 19. Qxa4 Rf7 20. Rc2 Rfc7 21. Rac1 Qe7 (21... h5 $11) 22. Qb3 Nf7 (22... Kf8 $11 {remains equal.}) 23. Qb6 $16 Qd6 24. e4 {[%emt 0:08:46] White is more active.} Bh6 {[%emt 0:01:33] [#] This move loses the game for Black.} (24... c4 $16) 25. Qxd6 $1 $18 Nxd6 26. Bxe5 $1 Bxc1 27. Bxd6 {[%emt 0:00:06] This pair of bishops is nice.} Rd7 28. Rxc1 (28. Rxc5 Re8 (28... Rxc5 29. Bxc5 Bxb2 30. exf5 $15) 29. Rxc1 Rxd6 $17) (28. Bxc5 Bxb2 29. d6 Be5 $15) (28. e5 Bg5 $16) 28... Rxd6 {[%emt 0:00:22][%mdl 4096] Endgame. [#] KRR-KRB} 29. e5 Rdd8 (29... Rxd5 $2 30. Bc4 $18) 30. d6 c4 31. Bxc4+ Kg7 32. b3 Rc6 33. f4 b5 34. axb6 Rb8 35. Rd1 Rcxb6 36. Kf2 a5 37. g4 fxg4 38. hxg4 {[%emt 0:00:06] e6 would now be deadly.} a4 39. bxa4 {[%emt 0:00:26] And now e6 would win.} Rb4 40. Rd4 Rc8 {[%emt 0:00:31] [#]} 41. e6 $1 {[%emt 0:33:04][%cal Be5e6,Be6e7][%mdl 32] White wants to mate with d7.} Rcxc4 (41... Kf6 42. g5+) 42. Rxc4 {[%emt 0:00:00] White mates.} (42. e7 Kf7 (42... Rxd4 $2 {is the wrong capture.} 43. e8=Q $18) 43. d7 Rb2+ 44. Ke3 (44. Kg3 {gets mated.} Rc3+) 44... Rc3+ 45. Ke4 Re2+ (45... Kxe7 46. d8=Q+ Kf7 47. Rd7+ Ke6 48. Qe7#) 46. Kd5 Kxe7 $19) 42... Rxc4 43. d7 Rd4 44. e7 {[%emt 0:00:00] Weighted Error Value: White=0.04 (flawless) /Black=0.47.  Mistake:       	---       	Black=3      Inaccurate:     	White=1     	Black=2      OK:         	White=15    	Black=8      Best:        	White=3     	Black=2      Strong:       	White=2     	---} 1-0

[Event "Mitropa Cup Open 2024"]
[Site "Apolda"]
[Date "2024.02.17"]
[Round "3.13"]
[White "Subelj, Jan"]
[Black "Baidetskyi, Valentin"]
[Result "1/2-1/2"]
[ECO "C01"]
[WhiteElo "2512"]
[BlackElo "2499"]
[Annotator "TA"]
[PlyCount "75"]
[EventDate "2024.02.15"]
[EventType "team-tourn"]
[EventCountry "GER"]
[SourceTitle "playchess.com"]
[Source "ChessBase"]
[SourceQuality "1"]
[WhiteTeam "Slovenia"]
[BlackTeam "Austria"]
[WhiteTeamCountry "SLO"]
[BlackTeamCountry "AUT"]
[TimeControl "40/5400+30:1800+30"]

1. e4 e6 2. d4 d5 3. exd5 exd5 4. Nf3 Nf6 5. Bd3 Bd6 6. Qe2+ Be6 7. Ng5 Qe7 8. Nxe6 fxe6 9. Nd2 Nc6 10. Nf3 O-O 11. Bd2 Rae8 12. O-O e5 13. dxe5 Nxe5 14. Rae1 Nxd3 (14... Qd7 {simplifies} 15. Nxe5 Bxe5 16. Qd1 Bxb2 17. Rxe8 Rxe8 18. c3 Ba3) 15. Qxd3 {[%emt 0:05:09] The position is equal.} Qf7 16. Ng5 {[%emt 0:03:26] Dodges Ne4} Qh5 {[%emt 0:02:37][%csl Gd6][%cal Rh5h2] [#]} 17. h3 Rxe1 18. Rxe1 Re8 {[%emt 0:00:05] Repels Re2} 19. Rxe8+ Qxe8 20. Bc3 Be5 21. Kf1 c6 22. Nf3 Bxc3 23. Qxc3 $11 {[%emt 0:00:09][%mdl 4096] Endgame. KQN-KQN} Qe7 24. Qd4 a6 25. Qf4 g6 26. h4 Kg7 27. g4 h5 28. g5 Ne4 29. Kg2 Nd6 30. b3 Nf5 31. c4 dxc4 32. bxc4 b5 33. Nd4 Nxd4 34. Qxd4+ Kf7 35. c5 Qe6 36. Qf4+ Ke7 37. Qc7+ Ke8 38. Qb8+ {[%emt 0:09:05] A balanced but interesting game.   Weighted Error Value: White=0.03 (flawless) /Black=0.03 (flawless) .  Inaccurate:     	---       	Black=1      OK:         	White=10    	Black=15} 1/2-1/2